Map: Invader LE

Players

Guru - Winner!

  • Race: Zerg Zerg

Showtime

  • Race: Protoss Protoss

Event: DreamHack Open Tours WCS Spring Championship

VOD

Have the link to the VOD?

Description

Time

  • Played on: May 15, 2016, 4:20 a.m.
  • Length: 9:52

All games in this series

Show
View Real Time Build Order
Export as new Build Order

Guru Zerg - Winner!

Build Orders: Hatch First 

Get SALT Encoding   

  12  0:01  Drone  
  13  0:12  Overlord  
  13  0:18  Drone  
  14  0:31  Drone x2  
  14  0:34  Drone  
  17  0:55  Drone  
  18  1:00  Hatchery  
  17  1:09  Spawning Pool  
  17  1:11  Drone  
  17  1:14  Extractor  
  17  1:16  Drone  
  17  1:19  Drone  
  18  1:36  Drone  
  19  1:40  Drone  
  20  1:48  Hatchery  
  19  1:57  Queen  
  21  2:06  Zergling x2  
  22  2:11  Queen  
  22  2:13  Drone  
  22  2:15  Zergling x2  
  26  2:17  Zergling x2  
  27  2:24  Metabolic Boost  
  27  2:29  Drone  
  28  2:34  Overlord  
  28  2:40  Evolution Chamber  
  28  2:43  Drone  
  27  2:53  Drone x3  
  27  2:55  Drone  
  31  3:01  Drone  
  31  3:05  Drone  
  33  3:11  Zerg Melee Weapons Level 1, Drone  
  33  3:12  Drone  
  34  3:13  Drone  
  34  3:16  Drone  
  36  3:22  Drone x2  
  36  3:25  Drone  
  36  3:26  Drone  
  40  3:29  Drone  
  41  3:36  Overlord  
  41  3:44  Drone  
  42  3:48  Overlord  
  42  3:54  Queen  
  44  3:56  Drone x2  
  44  3:58  Drone x4  
  50  4:04  Lair  
  50  4:06  Queen  
  52  4:10  Overlord  
  52  4:15  Drone x2  
  54  4:19  Zergling x2  
  54  4:20  Zergling x6  
  54  4:23  Overlord  
  58  4:28  Zergling x2  
  58  4:29  Baneling Nest, Zergling x2  
  58  4:30  Overlord  
  59  4:31  Zergling x2  
  59  4:32  Zergling x2  
  59  4:33  Zergling x4  
  63  4:39  Zergling x2  
  64  4:46  Zergling x10  
  68  4:56  Zergling x4  
  68  4:58  Overlord  
  67  5:11  Hydralisk Den  
  64  5:16  Drone x2  
  64  5:17  Drone x6  
  64  5:18  Drone x3  
  64  5:20  Drone  
  68  5:24  Queen  
  70  5:29  Queen  
  70  5:32  Drone  
  70  5:33  Drone  
  71  5:35  Zergling x2  
  71  5:38  Zergling x2  
  71  5:39  Zergling x2  
  71  5:42  Zergling x2  
  70  5:46  Muscular Augments  
  70  5:49  Hydralisk  
  70  5:50  Extractor  
  70  5:51  Extractor  
  70  5:53  Hydralisk  
  70  5:54  Queen  
  70  5:56  Zergling x12  
  70  5:57  Zergling x2  
  81  6:00  Queen  
  81  6:01  Overlord  
  83  6:04  Spore Crawler  
  83  6:06  Overlord  
  83  6:08  Overlord  
  83  6:10  Overlord  
  82  6:12  Overlord  
  82  6:15  Overlord  
  82  6:16  Overlord  
  82  6:19  Overlord, Queen  
  82  6:22  Hydralisk  
  86  6:27  Hydralisk  
  86  6:29  Hydralisk  
  90  6:33  Drone x4  
  94  6:43  Spore Crawler, Drone x2  
  94  6:44  Zerg Missile Weapons Level 1, Extractor  
  94  6:45  Drone x2  
  94  6:46  Drone  
  97  6:51  Drone x3  
  97  6:52  Hydralisk  
  102  6:55  Hydralisk  
  102  7:01  Hydralisk  
  104  7:07  Hydralisk  
  102  7:11  Zergling x2  
  102  7:12  Zergling x14  
  110  7:18  Zergling x2  
  111  7:25  Hydralisk  
  111  7:26  Hydralisk x3  
  111  7:29  Zergling x8  
  123  7:31  Hydralisk  
  123  7:33  Zergling x6  
  128  7:38  Drone  
  128  7:39  Overlord  
  123  7:57  Hydralisk x2  
  114  7:59  Hydralisk x4  
  114  8:01  Hydralisk, Zergling x4  
  114  8:03  Zergling x4  
  114  8:04  Zergling x2  
  114  8:05  Hatchery  
  128  8:10  Hydralisk  
  130  8:13  Zergling x4  
  130  8:17  Spore Crawler  
  130  8:18  Zergling x6  
  132  8:22  Zergling x2  
  132  8:24  Zergling x4  
  130  8:30  Zergling x6  
  131  8:39  Hydralisk x2  
  131  8:41  Zergling x2  
  133  8:43  Hydralisk  
  133  8:45  Zergling x2  
  136  8:54  Hydralisk x3  
  136  8:55  Hydralisk x2  
  124  8:58  Hydralisk  
  120  9:08  Hydralisk  
  122  9:10  Zergling x4  
  124  9:17  Hatchery  
  124  9:19  Zergling x2  
  124  9:20  Zergling x6  
Show
View Real Time Build Order
Export as new Build Order

Showtime Protoss 

Build Orders: 1 Gate Expand 

Get SALT Encoding   

  12  0:00  Probe (Chrono Boost)  
  13  0:11  Probe (Chrono Boost)  
  14  0:20  Pylon  
  14  0:22  Probe (Chrono Boost)  
  15  0:38  Probe (Chrono Boost)  
  15  0:42  Gateway  
  16  0:45  Assimilator  
  16  0:49  Probe (Chrono Boost)  
  17  0:59  Probe (Chrono Boost)  
  18  1:10  Probe (Chrono Boost)  
  19  1:20  Probe (Chrono Boost)  
  20  1:28  Nexus  
  20  1:35  Cybernetics Core  
  20  1:38  Probe (Chrono Boost)  
  21  1:44  Assimilator  
  21  1:49  Probe (Chrono Boost)  
  21  1:53  Pylon  
  22  1:59  Probe (Chrono Boost)  
  23  2:05  Warp Gate (Chrono Boost)  
  23  2:11  Probe (Chrono Boost)  
  23  2:12  Adept (Chrono Boost)  
  26  2:23  Probe  
  26  2:25  Twilight Council  
  27  2:35  Probe, Adept (Chrono Boost)  
  30  2:38  Probe  
  31  2:48  Probe  
  33  2:58  Resonating Glaives (Chrono Boost)  
  33  2:59  Adept  
  33  3:00  Probe  
  35  3:16  Gateway x2  
  35  3:19  Probe  
  36  3:21  Probe, Gateway  
  36  3:26  Adept  
  39  3:31  Probe  
  39  3:33  Probe  
  41  3:35  Pylon  
  41  3:43  Probe (Chrono Boost)  
  41  3:46  Probe (Chrono Boost)  
  43  3:52  Pylon  
  43  3:55  Probe (Chrono Boost)  
  44  3:59  Probe (Chrono Boost)  
  45  4:07  Probe (Chrono Boost)  
  48  4:10  Mothership Core (Chrono Boost)  
  48  4:16  Adept  
  48  4:17  Adept x3  
  52  4:19  Probe (Chrono Boost)  
  52  4:20  Pylon  
  52  4:21  Assimilator  
  52  4:23  Assimilator  
  57  4:28  Probe (Chrono Boost)  
  59  4:31  Probe (Chrono Boost)  
  59  4:36  Stargate  
  59  4:38  Stargate  
  59  4:39  Probe (Chrono Boost)  
  59  4:43  Probe (Chrono Boost)  
  61  4:49  Probe (Chrono Boost)  
  62  4:55  Probe (Chrono Boost)  
  64  5:00  Probe (Chrono Boost)  
  64  5:04  Adept x3  
  70  5:07  Pylon  
  70  5:16  Adept  
  70  5:18  Protoss Air Weapons Level 1  
  70  5:20  Pylon  
  64  5:26  Phoenix x2 (Chrono Boost)  
  62  5:37  Adept x3  
  62  5:38  Adept  
  66  5:45  Pylon  
  66  5:48  Phoenix (Chrono Boost)  
  66  5:49  Phoenix (Chrono Boost)  
  70  5:58  Adept  
  70  5:59  Adept x3  
  78  6:04  Probe x2  
  78  6:11  Phoenix (Chrono Boost)  
  82  6:12  Phoenix (Chrono Boost)  
  84  6:22  Pylon  
  84  6:23  Probe x2  
  86  6:34  Phoenix (Chrono Boost)  
  86  6:35  Phoenix (Chrono Boost)  
  86  6:39  Pylon  
  90  6:44  Adept x4  
  98  6:49  Pylon  
  98  6:55  Pylon  
  98  7:04  Phoenix (Chrono Boost)  
  98  7:12  Adept x4  
  106  7:16  Phoenix (Chrono Boost)  
  108  7:29  Nexus  
  108  7:32  Pylon  
  108  7:38  Probe x2  
  110  7:46  Phoenix x2 (Chrono Boost)  
  110  7:57  Adept x3  
  110  7:58  Adept  
  104  8:04  Pylon  
  104  8:10  Robotics Facility  
  104  8:14  Robotics Facility  
  104  8:31  Adept  
  104  8:32  Adept x3  
  112  8:40  Probe, Pylon  
  110  8:41  Probe x2  
  95  9:00  Adept x4  
  95  9:01  Probe  
  95  9:02  Probe x2  
  94  9:06  Immortal (Chrono Boost)  
  94  9:09  Immortal (Chrono Boost)  
  102  9:16  Pylon  
  103  9:19  Pylon  
  103  9:22  Adept  
  103  9:23  Adept  
  106  9:29  Adept  
  106  9:30  Adept  

Tags
 
Add a new tag
Caveats
  • Supply blocks, unpowered buildings, or Contaminate may cause inaccurate times.
  • Supply counts are checked every 10 seconds.